 Dungeon Crawl Stone Soup version 0.20.1-1-g8b1a95d (webtiles) character file.

2006 Irenicus the Martial Artist (level 9, 0/74 HPs)
             Began as a Deep Dwarf Monk on Oct 14, 2017.
             Shot with an arrow by a centaur (10 damage)
             ... on level 6 of the Dungeon.
             The game lasted 00:11:24 (3273 turns).

Irenicus the Martial Artist (Deep Dwarf Monk)       Turns: 3273, Time: 00:11:25

Health: 0/74       AC:  3    Str: 16    XL:     9   Next: 2%
Magic:  5/5        EV: 16    Int: 12    God:
Gold:   288        SH:  0    Dex: 18    Spells: 8/8 levels left

rFire    . . .     SeeInvis .     - Unarmed
rCold    . . .     Gourm    .   (no shield)
rNeg     . . .     Faith    .   a - +0 robe
rPois    .         Spirit   .   d - +0 hat
rElec    .         Reflect  .   (no cloak)
rCorr    .         Harm     .   u - +0 pair of gloves
MR       +....                  (no boots)
Stlth    ++........             (no amulet)
Regen    0.0/turn               (no ring)
MPRegen  0.1/turn               (no ring)

@: non-regenerating
A: damage resistance, heal wounds, repulsion field 1, clever 1, low mp 1, sense
surroundings 2, no regeneration
a: Heal Wounds


You were on level 6 of the Dungeon.
You were very hungry.

You visited 2 branches of the dungeon, and saw 7 of its levels.

You collected 288 gold pieces.

Inventory:

Missiles
 n - 2 throwing nets (quivered)
Armour
 a - a +0 robe (worn)
 d - a +0 hat (worn)
 u - a +0 pair of gloves (worn)
Magical Staves
 j - an uncursed staff of wizardry
Scrolls
 c - 7 scrolls of identify {unknown}
 e - a scroll of enchant weapon {unknown}
 h - 2 scrolls of teleportation {unknown}
 i - a scroll of amnesia {unknown}
 k - 3 scrolls of immolation {unknown}
 l - 7 scrolls of enchant armour {unknown}
 m - 3 scrolls of noise {unknown}
 o - a scroll of random uselessness {unknown}
 p - a scroll of recharging {unknown}
 r - 2 scrolls of remove curse {unknown}
 s - a scroll of magic mapping {unknown}
 v - a scroll of fog {unknown}
Potions
 q - a potion of heal wounds
 x - 2 potions of flight {unknown}
Books
 w - a book of Maledictions

   Spells                             Type                      Level
   a - Corona                         Hexes                        1
   b - Ensorcelled Hibernation        Hexes/Ice                    2
   c - Confuse                        Hexes                        3
   d - Tukima's Dance                 Hexes                        3
   e - Dazzling Spray                 Conjuration/Hexes            3
Comestibles
 b - 6 bread rations
 f - a royal jelly
 g - 2 meat rations
 t - 6 fruits


   Skills:
 - Level 2.6 Fighting
 - Level 3.2 Dodging
 - Level 2.4 Stealth
 + Level 11.0 Unarmed Combat


You had 8 spell levels left.
You didn't know any spells.

Dungeon Overview and Level Annotations

Branches:
Dungeon (6/15)             Temple (1/1) D:5

Altars:
Ashenzari
Cheibriados
Dithmenos
Elyvilon
Fedhas
Gozag
Hepliaklqana
Kikubaaqudgha
Nemelex Xobeh
Okawaru
Qazlal
Ru
Sif Muna
Trog
Uskayaw
Vehumet
Xom
Yredelemnul
Zin
The Shining One

Shops:
D:5 :*


Innate Abilities, Weirdness & Mutations

You are resistant to damage.
You can heal yourself by infusing magical energy.
You passively map the area around you.
You do not regenerate.
You are surrounded by a mild repulsion field. (EV +2)
Your mind is acute. (Int +2)
Your magical capacity is low. (-10% MP)


Message History

The centaur shoots an arrow.
The arrow barely misses you. The crimson imp misses you.
The centaur shoots an arrow.
The arrow hits you. The arrow freezes you.
You see here an arrow.
The crimson imp blinks!
The centaur shoots an arrow.
The arrow hits you!
* * * LOW HITPOINT WARNING * * *
The arrow freezes you.
* * * LOW HITPOINT WARNING * * *
You see here an arrow.
The centaur shoots an arrow.
The arrow hits you.
* * * LOW HITPOINT WARNING * * *
The arrow freezes you.
You see here an arrow.
The crimson imp blinks!
The centaur shoots an arrow.
The arrow closely misses you.
The phantom blinks!
The centaur shoots an arrow.
The arrow hits you.
* * * LOW HITPOINT WARNING * * *
The arrow freezes you.
The centaur shoots an arrow.
The arrow hits you!
You die...

*####### ##.# *,, #...#.#
...# * #_..'.# ##..### ,
#...#.# #....., , * #####.#
#..5# , . ,
#########.#########...##....
...............(.((......./>
###########..(####c......#..
* #.....@......#.... ,
#..........%.#,...
#(.......#.#... .,
*#######'''########..., * *
############...####### ....
* #...##§.§§§#...###§###
.... #.####.§§.§#.⌠.##§§§##
, #.# ##.§§§§#...#§§§§§# ,
,, , #.# ##.§.§§#...##§§§##
, ,


You could see a centaur and a crimson imp.

Vanquished Creatures
  Pikel (D:5)
  A hippogriff (D:5)
  2 water moccasins (D:5)
  An ice beast (D:5)
  A slave (D:5)
  2 ogres
  A phantom (D:4)
  2 centaurs
  2 bullfrogs (D:6)
  A scorpion (D:5)
  A centaur zombie (D:6)
  A hound (D:5)
  An orc priest (D:4)
  3 orc wizards
  2 worker ants
  3 gnolls (D:3)
  6 adders
  2 shadow imps (D:6)
  An ooze (D:4)
  2 worms
  6 dart slugs
  6 leopard geckos
  21 orcs
  2 ball pythons
  5 giant cockroaches
  7 goblins
  5 hobgoblins
  3 quokkas
  9 bats
  4 frilled lizards
  5 kobolds
  A leopard gecko skeleton (D:6)
  A quokka skeleton (D:4)
  6 rats
117 creatures vanquished.

Notes
Turn   | Place    | Note
-------+----------+-------------------------------------------
     0 | D:1      | Irenicus the Deep Dwarf Monk began the quest for the Orb.
     0 | D:1      | Reached XP level 1. HP: 20/20 MP: 1/1
    83 | D:1      | Reached skill level 3 in Unarmed Combat
   175 | D:1      | Reached XP level 2. HP: 25/27 MP: 2/2
   424 | D:1      | Reached XP level 3. HP: 20/33 MP: 3/3
   605 | D:2      | Reached skill level 4 in Unarmed Combat
   767 | D:2      | Reached XP level 4. HP: 38/40 MP: 4/4
   789 | D:2      | You fall through a shaft for 2 floors!
   962 | D:3      | Reached skill level 5 in Unarmed Combat
  1053 | D:3      | Found a shattered altar of Ashenzari.
  1067 | D:3      | Found a glowing golden altar of the Shining One.
  1090 | D:3      | Reached XP level 5. HP: 28/46 MP: 4/4
  1252 | D:3      | Noticed a centaur
  1270 | D:3      | HP: 2/46 [centaur (6)]
  1276 | D:3      | Killed a centaur
  1276 | D:3      | Reached skill level 6 in Unarmed Combat
  1491 | D:3      | Found a white marble altar of Elyvilon.
  1491 | D:3      | Found a hide-covered altar of Uskayaw.
  1529 | D:4      | Noticed an ogre
  1543 | D:4      | Killed an ogre
  1543 | D:4      | Reached XP level 6. HP: 11/55 MP: 4/4
  1677 | D:4      | Found a sacrificial altar of Ru.
  1755 | D:4      | Gained mutation: You are surrounded by a mild repulsion field. (EV +2) [potion of mutation]
  1755 | D:4      | Gained mutation: Your magical capacity is low. (-10% MP) [potion of mutation]
  1755 | D:4      | Gained mutation: Your mind is acute. (Int +2) [potion of mutation]
  1852 | D:4      | Reached skill level 7 in Unarmed Combat
  1998 | D:4      | Reached XP level 7. HP: 29/61 MP: 4/4
  2034 | D:5      | Entered Level 5 of the Dungeon
  2068 | D:5      | Found a blossoming altar of Fedhas.
  2069 | D:5      | Noticed a hippogriff
  2101 | D:5      | Killed a hippogriff
  2101 | D:5      | Reached skill level 8 in Unarmed Combat
  2283 | D:5      | Noticed Pikel
  2323 | D:5      | Killed Pikel
  2323 | D:5      | Reached skill level 10 in Unarmed Combat
  2323 | D:5      | Reached XP level 8. HP: 26/68 MP: 4/4
  2353 | D:5      | Found Jamuyn's Book Shoppe.
  2475 | D:5      | Found Sauc's Serpentskin Sales.
  2593 | D:5      | Found a staircase to the Ecumenical Temple.
  2609 | Temple   | Entered the Ecumenical Temple
  3169 | D:6      | Found a sparkling altar of Nemelex Xobeh.
  3204 | D:6      | Found a shadowy altar of Dithmenos.
  3250 | D:6      | Reached skill level 11 in Unarmed Combat
  3250 | D:6      | Gained mutation: You passively map the area around you. [Deep Dwarf growth]
  3250 | D:6      | Reached XP level 9. HP: 32/74 MP: 5/5
  3273 | D:6      | Shot with an arrow by a centaur

Skill      XL: |  1  2  3  4  5  6  7  8 |
---------------+-------------------------+-----
Unarmed Combat | 3 4 5 6 7 10 11 | 11.0
Fighting       | |  2.6
Dodging        | |  3.2
Stealth        | |  2.4

Action                   |  1- 3 |  4- 6 |  7- 9 || total
-------------------------+-------+-------+-------++-------
Melee: Unarmed           |   132 |   227 |   178 ||   537
       Punch             |     3 |     6 |     9 ||    18
Throw: Throwing net      |       |     3 |       ||     3
 Abil: Heal Wounds       |     2 |     8 |     6 ||    16
  Use: Potion            |       |     4 |     3 ||     7
 Stab: Sleeping          |     9 |     4 |     3 ||    16
       Held in net/web   |       |     1 |       ||     1
       Distracted        |       |       |     2 ||     2
  Eat: Chunk             |       |     4 |     3 ||     7
Armor: Robe              |    15 |    18 |    13 ||    46
       Skin              |       |    26 |       ||    26
Dodge: Dodged            |    74 |   137 |   131 ||   342
